Map: Habitation Station LE (Void)

Players

BOneSixSixER - Winner!

  • Race: Zerg Zerg
  • League: Gold
  • Spawn Location: 1:00

Fropez

  • Race: Protoss Protoss
  • League: Gold
  • Spawn Location: 11:00

VOD

Have the link to the VOD?

Description

Time

  • Played on: Dec. 26, 2016, 7:54 p.m.
  • Length: 8:39
Show
View Real Time Build Order
Export as new Build Order

BOneSixSixER Zerg - Winner!

Build Orders: Hatch First 

Get SALT Encoding   

  12  0:02  Drone  
  13  0:13  Overlord  
  13  0:17  Drone  
  14  0:33  Drone x2  
  16  0:38  Drone  
  17  0:57  Hatchery  
  17  0:59  Drone  
  17  1:05  Drone  
  17  1:10  Extractor  
  17  1:17  Drone  
  18  1:22  Spawning Pool  
  17  1:31  Drone  
  18  1:34  Drone  
  19  1:40  Overlord  
  19  1:54  Drone  
  20  2:04  Drone  
  21  2:10  Queen x2  
  21  2:13  Zergling x2  
  21  2:14  Zergling x2  
  21  2:15  Metabolic Boost  
  27  2:21  Zergling x2  
  28  2:24  Overlord  
  28  2:32  Drone  
  29  2:38  Drone  
  30  2:48  Queen x2  
  34  2:52  Overlord  
  34  3:01  Zergling x6  
  37  3:11  Drone x2  
  39  3:22  Hatchery  
  38  3:38  Drone  
  38  3:39  Drone x5  
  44  3:46  Lair  
  44  3:54  Drone x2  
  46  3:57  Overlord  
  46  3:58  Overlord  
  46  4:02  Spore Crawler  
  45  4:04  Drone  
  45  4:07  Drone x2  
  48  4:11  Extractor x2  
  48  4:14  Extractor  
  48  4:16  Drone x2  
  47  4:18  Drone  
  47  4:22  Drone  
  47  4:23  Drone  
  50  4:45  Roach Warren  
  49  4:49  Evolution Chamber  
  49  4:51  Evolution Chamber, Drone, Hydralisk Den  
  49  4:52  Drone  
  48  4:54  Drone  
  48  4:55  Drone x4  
  53  5:06  Drone x4  
  57  5:08  Drone  
  58  5:14  Drone  
  58  5:19  Zerg Missile Weapons Level 1  
  59  5:23  Zerg Ground Armor Level 1  
  59  5:42  Overseer  
  59  5:45  Roach x7  
  73  5:52  Overlord x3  
  73  6:10  Glial Reconstitution  
  71  6:11  Hatchery  
  59  6:33  Roach  
  59  6:34  Roach x10  
  69  7:07  Drone x8  
  77  7:21  Muscular Augments  
  77  7:24  Drone x2  
  77  7:26  Drone x3  
  82  7:31  Queen  
  82  7:36  Zergling x2  
  85  7:37  Zergling x6  
  88  7:49  Ravager x5  
  88  7:50  Ravager x5  
  94  8:14  Zergling x14  
  94  8:15  Zergling x6  
  94  8:17  Overlord x3  
  94  8:19  Overlord x2  
Show
View Real Time Build Order
Export as new Build Order

Fropez Protoss 

Build Orders: Nexus First, Mass Adepts 

Get SALT Encoding   

  12  0:01  Probe (Chrono Boost)  
  13  0:11  Probe (Chrono Boost)  
  14  0:28  Pylon  
  14  0:30  Probe (Chrono Boost)  
  15  0:46  Probe (Chrono Boost)  
  16  0:57  Nexus  
  16  1:08  Gateway  
  16  1:13  Assimilator  
  16  1:16  Probe (Chrono Boost)  
  17  1:31  Probe (Chrono Boost)  
  18  1:33  Pylon  
  18  1:41  Probe (Chrono Boost)  
  19  2:01  Cybernetics Core  
  19  2:05  Gateway  
  19  2:11  Gateway  
  19  2:15  Probe x2 (Chrono Boost)  
  21  2:23  Assimilator  
  21  2:26  Probe x2 (Chrono Boost)  
  23  2:32  Warp Gate  
  23  2:36  Probe (Chrono Boost)  
  24  2:37  Pylon  
  24  2:41  Probe (Chrono Boost)  
  25  2:48  Probe (Chrono Boost)  
  26  2:52  Mothership Core (Chrono Boost)  
  26  2:53  Adept  
  30  2:59  Adept  
  30  3:02  Probe (Chrono Boost)  
  33  3:08  Adept  
  35  3:17  Probe x2 (Chrono Boost)  
  35  3:18  Assimilator  
  37  3:28  Probe (Chrono Boost)  
  37  3:32  Pylon  
  38  3:39  Pylon  
  38  3:41  Probe (Chrono Boost)  
  40  3:42  Probe (Chrono Boost)  
  40  3:44  Adept  
  42  3:48  Adept  
  42  3:51  Probe (Chrono Boost)  
  42  3:54  Adept  
  47  3:58  Probe (Chrono Boost)  
  47  4:02  Probe (Chrono Boost)  
  49  4:04  Assimilator  
  50  4:10  Probe (Chrono Boost)  
  50  4:14  Adept  
  50  4:16  Adept  
  54  4:21  Adept  
  56  4:31  Twilight Council, Probe (Chrono Boost)  
  58  4:32  Probe (Chrono Boost)  
  58  4:41  Probe (Chrono Boost)  
  58  4:44  Probe (Chrono Boost)  
  60  4:57  Adept  
  60  4:58  Adept x2  
  66  5:27  Resonating Glaives  
  66  5:38  Dark Shrine, Robotics Facility  
  66  5:39  Pylon  
  66  5:56  Probe (Chrono Boost)  
  68  5:58  Probe (Chrono Boost)  
  68  6:01  Forge  
  68  6:02  Forge  
  68  6:21  Assimilator  
  68  6:23  Assimilator  
  68  6:24  Pylon  
  56  6:48  Stalker x2  
  56  6:49  Stalker  
  56  6:50  Probe (Chrono Boost)  
  56  6:51  Probe (Chrono Boost)  
  64  6:59  Nexus  
  64  7:00  Probe (Chrono Boost)  
  59  7:02  Pylon  
  53  7:18  Dark Templar x3  
  59  7:39  Gateway x2  
  59  7:42  Probe (Chrono Boost)  
  59  7:44  Probe (Chrono Boost), Gateway  
  61  7:55  Gateway  
  61  7:58  Gateway  
  56  8:00  Gateway  
  53  8:07  Dark Templar x3  
Tags
 
Add a new tag
Caveats
  • Supply blocks, unpowered buildings, or Contaminate may cause inaccurate times.
  • Supply counts are checked every 10 seconds.